AoeStats
← KWYJIBO

Arena

509007268Analyzed
4v4 RM · 6d ago on Sep 25, 2026· 42m 36s· 8 players
Game mode
Random Map
Map size
Large (8 player)
Population
200
Speed
Normal
Resources
Standard
Victory
Conquest
Starting age
Dark Age
Ending age
Imperial Age
RankedLock teamsTeams togetherTeam positionsShared explorationLock speedFull tech treeHidden civsTurbo modeCheats
Victory
Defeat
🇨🇳 Vikings · China
1244
+12
🇺🇸 Khmer · United States
1221
+13
🇺🇾 Goths · Uruguay
1177
+14
🇨🇱 Saracens · Chile
1175
+14
🇨🇱 Shu · Chile
1243
-17
🇲🇽 Cumans · Mexico
1237
-16
🇲🇽 Chinese · Mexico
1134
-13
🇨🇱 Gurjaras · Chile
964
-26
KWYJIBO
10:57 Feudal Age
14:59 Castle Age
13:51 Horse Collar
14:01 Double-Bit Axe
22:29 Loom
23:42 Wheelbarrow
24:57 Bow Saw
24:50 Heavy Plow
30:28 Imperial Age
29:37 Gold Mining
30:32 Ballistics
30:07 Fletching
30:17 Padded Archer Armor
30:04 Pikeman
31:25 Thumb Ring
32:22 Chemistry
31:11 Elite Skirmisher
31:15 Crossbowman
32:09 Fortified Wall
32:37 Bodkin Arrow
32:58 Leather Archer Armor
34:59 Bracer
35:30 Ring Archer Armor
36:45 Masonry
37:06 Hand Cart
36:39 Town Watch
36:59 Scale Mail Armor
37:09 Forging
37:05 Scale Barding Armor
我有低保我先上
10:46 Feudal Age
15:01 Castle Age
13:56 Horse Collar
14:07 Double-Bit Axe
17:36 Wheelbarrow
17:23 Bow Saw
19:42 Heavy Plow
21:38 Hand Cart
22:08 Gold Mining
22:09 Stone Mining
26:33 Gold Shaft Mining
27:31 Forging
27:27 Scale Barding Armor
30:08 Imperial Age
28:28 Bloodlines
28:19 Husbandry
29:04 Iron Casting
28:19 Loom
29:29 Chain Barding Armor
30:17 Town Watch
31:30 Tusk Swords
31:51 Conscription
31:33 Double Crossbow
30:57 Elite Ballista Elephant
32:25 Plate Barding Armor
32:51 Blast Furnace
31:42 Fletching
31:52 Padded Archer Armor
32:15 Elite Battle Elephant
33:28 Heavy Scorpion
36:16 Bodkin Arrow
36:36 Leather Archer Armor
37:23 Chemistry
36:36 Fortified Wall
36:22 Murder Holes
37:36 Crop Rotation
39:02 Ballistics
41:05 Bracer
41:36 Ring Archer Armor
41:14 Siege Engineers
41:19 Masonry
42:11 Light Cavalry
43:29 Hoardings
42:22 Pikeman
42:23 Man-at-Arms
42:49 Arson
43:31 Illumination
43:16 Fervor
43:28 Sanctity
43:08 Devotion
43:19 Redemption
43:44 Theocracy
43:05 Herbal Medicine
Kroyen
10:34 Feudal Age
14:27 Castle Age
13:44 Double-Bit Axe
17:42 Town Watch
19:39 Loom
21:50 Horse Collar
23:23 Bow Saw
30:44 Imperial Age
29:08 Wheelbarrow
28:35 Scale Mail Armor
28:51 Heavy Plow
28:42 Gold Mining
29:20 Forging
29:43 Anarchy
31:15 Chain Mail Armor
31:35 Iron Casting
31:16 Squires
36:33 Blast Furnace
36:32 Hand Cart
36:17 Town Patrol
37:25 Conscription
37:59 Crop Rotation
38:30 Two-Man Saw
大汉忠臣曹孟德
10:48 Feudal Age
15:18 Castle Age
14:53 Double-Bit Axe
14:48 Horse Collar
19:03 Loom
22:20 Town Watch
25:49 Scale Mail Armor
25:59 Forging
27:11 Squires
27:01 Arson
27:34 Chain Mail Armor
28:07 Gold Mining
28:08 Stone Mining
28:47 Bow Saw
31:22 Imperial Age
29:10 Fletching
29:58 Iron Casting
28:50 Pikeman
31:10 Gold Shaft Mining
31:25 Chieftains
31:26 Bodkin Arrow
32:28 Conscription
31:46 Elite Varangian Guard
33:00 Plate Mail Armor
32:10 Capped Ram
34:51 Blast Furnace
34:39 Man-at-Arms
35:41 Bracer
35:42 Padded Archer Armor
35:41 Siege Ram
37:54 Hoardings
37:33 Masonry
37:32 Elite Skirmisher
40:29 Long Swordsman
40:32 Elite Berserk
De_Aztek
0:53 Loom
10:38 Feudal Age
11:06 Double-Bit Axe
15:38 Castle Age
14:59 Scale Mail Armor
20:24 Forging
21:31 Squires
23:33 Wheelbarrow
28:55 Town Watch
31:57 Chain Mail Armor
32:17 Iron Casting
31:19 Man-at-Arms
32:26 Long Swordsman
Dark Gundam
10:25 Feudal Age
11:29 Double-Bit Axe
13:18 Horse Collar
17:16 Wheelbarrow
17:23 Loom
22:21 Castle Age
20:31 Gold Mining
21:45 Bloodlines
21:46 Scale Barding Armor
22:42 Forging
27:13 Imperial Age
25:09 Bow Saw
26:29 Chain Barding Armor
28:34 Elite Steppe Lancer
30:53 Plate Barding Armor
30:50 Heavy Plow
31:42 Hand Cart
31:13 Town Watch
32:26 Iron Casting
37:01 Blast Furnace
36:56 Crop Rotation
nachitoaoe
6:57 Loom
10:12 Feudal Age
8:31 Loom
10:47 Horse Collar
10:59 Double-Bit Axe
17:53 Castle Age
18:37 Wheelbarrow
19:07 Bow Saw
19:12 Heavy Plow
21:39 Loom
22:14 Hand Cart
22:57 Gold Mining
25:21 Town Watch
30:00 Hand Cart
30:31 Gold Shaft Mining
29:46 Stone Mining
30:10 Scale Barding Armor
30:17 Forging
33:08 Iron Casting
32:54 Chain Barding Armor
32:26 Fletching
32:36 Padded Archer Armor
32:38 Scale Mail Armor
35:09 Coinage
34:39 Caravan
35:45 Husbandry
35:58 Bloodlines
35:11 Light Cavalry
39:28 Imperial Age
38:59 Stone Shaft Mining
40:47 Conscription
GunsNroses
10:25 Feudal Age
14:49 Castle Age
13:24 Double-Bit Axe
13:22 Horse Collar
14:05 Gold Mining
15:56 Bow Saw
15:45 Loom
19:52 Gold Mining
20:39 Town Watch
21:33 Wheelbarrow
29:37 Imperial Age
27:15 Fletching
27:25 Padded Archer Armor
28:09 Gold Shaft Mining
28:05 Hand Cart
27:20 Crossbowman
28:06 Thumb Ring
29:01 Bodkin Arrow
30:02 Leather Archer Armor
30:21 Bracer
31:23 Chemistry
30:45 Coiled Serpent Array
30:28 Arbalester
33:31 Ballistics
34:31 Heavy Plow
35:33 Two-Man Saw
37:51 Ring Archer Armor
37:41 Siege Engineers
38:27 Elite White Feather Guard
40:08 Forging
Connection lost

Rejoining the realm…

Still unreachable

The connection could not be restored.

Session expired

The server has moved on; the page needs a fresh start.